Cogmind - Beta 15 @@@ ROGUE MODE // 2025.06.07 @ 21:31:02 Player: CheifClapdad Result: Destroyed by CU-X9N(R) with Subdweller Machine Gun Performance ------------- Evolutions (0) 0 Regions Visited (2) 400 Robots Destroyed (2) 10 Value Destroyed (87) 87 Prototype IDs (0) 0 Alien Tech Used (0) 0 Bonus (0) 0 TOTAL SCORE: 497 Bonus ------- None Cogmind --------- Core Integrity 0/250 Matter 290/300 Energy 85/100 System Corruption 0% Temperature Cool (0) Movement Treading (160) Location -10/Subcaves Parts ------- > --- POWER (1) -------- (None) > --- PROPULSION (2) --- Spiked Treads Compact Wheel > --- UTILITY (2) ------ Small Storage Unit > --- WEAPON (2) ------- Medium Laser Light Assault Rifle > --- INVENTORY (8) ---- Light Treads Light Treads Compact Wheel Dirty Datajack (20) Peak State ------------ > --- POWER ------------ Ion Engine > --- PROPULSION ------- Spiked Treads Compact Wheel > --- UTILITY ---------- Small Storage Unit > --- WEAPON ----------- Medium Laser Medium Laser > --- INVENTORY -------- Light Treads Light Treads Compact Wheel Light Assault Rifle Dirty Datajack [Rating: 8] Favorites ----------- Power Ion Engine Engine Ion Engine Propulsion Compact Wheel Treads Spiked Treads Wheel Compact Wheel Utility Small Storage Unit Storage Small Storage Unit Weapon Medium Laser Energy Gun Medium Laser Ballistic Gun Light Assault Rifle Build | -11 -10 -10 ------- Run | Yrd Mat Sub Slots Evolved . | . . . Power . | . . . Propulsion . | . . . Utility . | . . . Weapon . | . . . Parts Attached 8 | 4 2 2 Power 1 | . 1 . Engine 1 | . 1 . Core . | . . . Reactor . | . . . Propulsion 3 | 2 . 1 Treads 2 | 1 . 1 Leg . | . . . Wheel 1 | 1 . . Hover . | . . . Flight . | . . . Utility 1 | . 1 . Device . | . . . Storage 1 | . 1 . Processor . | . . . Hackware . | . . . Protection . | . . . Artifact . | . . . Weapon 3 | 2 . 1 Energy Gun 2 | 2 . . Energy Cannon . | . . . Ballistic Gun 1 | . . 1 Ballistic Cannon . | . . . Launcher . | . . . Special Weapon . | . . . Impact Weapon . | . . . Slashing Weapon . | . . . Piercing Weapon . | . . . Special Melee Weapon . | . . . Unidentified Prototypes . | . . . Parts Lost 2 | . . 2 Power 1 | . . 1 Propulsion . | . . . Utility . | . . . Weapon 1 | . . 1 Highest Loss Streak 2 | . . 2 To Critical Strikes . | . . . Average Backups 4 | 3 4 4 Power . | . 1 . Propulsion 2 | 1 2 2 Utility . | . . . Weapon . | . 1 1 Tool/Special . | . . . Unused Backups 4 | 1 . 3 Power 1 | 1 . . Propulsion 2 | . . 2 Utility . | . . . Weapon . | . . . Tool/Special 1 | . . 1 Average Slot Usage (%) 82 | . 64 83 Engine 12 | . . 13 Treads 14 | . 14 14 Wheel 14 | . 14 14 Storage 13 | . 7 14 Energy Gun 27 | . 28 27 Peak Build Rating 8 | 4 6 8 Average Rating 6 | 2 4 7 On Entrance 3 | . 4 6 Naked Turns . | . . . Heaviest Build 14 | 4 14 14 Greatest Support 20 | 20 16 20 Greatest Overweight (x) . | . . . Average Overweight (x) . | . . . Largest Inventory Capacity 8 | 5 8 8 Average Capacity 7 | 5 6 8 Most Carried 5 | 5 5 5 Average Carried 4 | 3 4 4 Final Capacity 8 | 5 8 8 Final Carried 5 | 5 3 4 Class Distribution -------------------- 100% | Mutant Dominant Class ---------------- Mutant | -10/Materials Mutant | -10/Subcaves Resources | -11 -10 -10 ----------- Run | Yrd Mat Sub Matter Collected 270 | 240 10 20 Remotely . | . . . Salvage Created 130 | . 41 89 Parts 6 | . 2 4 Haulers Intercepted . | . . . Recyclers Shooed . | . . . Parts Field Recycled . | . . . Retrieved Matter . | . . . Parts Self-Destructed . | . . . Prevented . | . . . Kills | -11 -10 -10 ------- Run | Yrd Mat Sub Combat Hostiles Destroyed 2 | . 1 1 Guns 2 | . 1 1 Classes Destroyed 3 | . 1 2 Grunt 1 | . 1 . Artisan 1 | . . 1 Subdweller 1 | . . 1 Best Kill Streak 1 | . 1 1 Combat Bots Only 1 | . 1 1 Max Kills in Single Turn 1 | . 1 1 Gunslinging . | . . . Exploded . | . . . Melee . | . . . Uniques/NPCs Destroyed . | . . . Combat | -11 -10 -10 -------- Run | Yrd Mat Sub Hostile Shots Fired 43 | . 12 31 Missed 11 | . 4 7 Hits 32 | . 8 24 Projectile 32 | . 8 24 Critical Strikes 2 | . 1 1 Damage Taken 639 | . 121 518 Core 262 | . 44 218 Absorbed by Shields . | . . . Core Remaining (%) 100 | 100 . . Volleys Fired 27 | . 8 19 Largest 2 | . 2 2 Hottest 100 | . 100 100 Shots Fired 41 | . 16 25 Gun 41 | . 16 25 Cannon . | . . . Launcher . | . . . Special . | . . . Kinetic . | . . . Thermal 41 | . 16 25 Explosive . | . . . Electromagnetic . | . . . Robot Hit Streak 5 | . 3 5 Robot Miss Streak 6 | . 6 3 Penetration Max . | . . . Secondary Targets . | . . . Shots Hit Robots 22 | . 7 15 Core Hits 8 | . 3 5 Critical Kills . | . . . Critical Parts Destroyed . | . . . Critical Strikes . | . . . Melee Attacks . | . . . Impact . | . . . Slashing . | . . . Piercing . | . . . Sneak Attacks . | . . . Combat Hostiles . | . . . Follow-up Attacks . | . . . Damage Inflicted 248 | . 87 161 Guns 248 | . 87 161 Cannons . | . . . Explosions . | . . . Melee . | . . . Ramming . | . . . Kinetic . | . . . Thermal 248 | . 87 161 Explosive . | . . . Electromagnetic . | . . . Impact . | . . . Slashing . | . . . Piercing . | . . . Highest Corruption . | . . . Average Corruption . | . . . Corruption Purged . | . . . Corruption Blocked . | . . . Overload Shots . | . . . Overflow Damage . | . . . Projectiles . | . . . Explosions . | . . . Melee . | . . . Knockbacks . | . . . Impact . | . . . Kinetic . | . . . Secondary . | . . . Self-Inflicted Damage . | . . . Shots . | . . . Rammed . | . . . Targets Rammed . | . . . Kicked . | . . . Crushed . | . . . Highest Temperature 257 | . 257 2 Average Temperature 121 | . 135 2 Received Heat Transfer 126 | . 90 36 Siege Activations . | . . . Martial Activations . | . . . Shielding Activations . | . . . Robots Disrupted . | . . . Combat Hostiles . | . . . Robots Corrupted . | . . . Combat Hostiles . | . . . Parts Fried . | . . . Impact Corruptions . | . . . Robots Melted . | . . . Combat Hostiles . | . . . Parts Melted 2 | . . 2 Heat Transferred 740 | . 259 481 Parts Sabotaged . | . . . Parts Stolen . | . . . Parts Stripped . | . . . Power Chain Reactions . | . . . Alert | -11 -10 -10 ------- Run | Yrd Mat Sub Maximum Alert Level . | . . . Low Security (%) 100 | 100 100 . Level 1 . | . . . Level 2 . | . . . Level 3 . | . . . Level 4 . | . . . Level 5 . | . . . High Security . | . . . Max Security . | . . . Peak Influence 35 | . 35 . Initial . | . . . Average 3 | . 10 . Influence Increases 45 | . 45 . Destroy 0b10 Robot/C 20 | . 20 . Destroy Leader 10 | . 10 . Lose Combat Pursuer 15 | . 15 . Influence Decreases 45 | . 10 35 Entered New Map 18 | . . 18 Time Decay 27 | . 10 17 Squads Dispatched . | . . . Investigation . | . . . Extermination . | . . . Reinforcement . | . . . Assault . | . . . Garrison . | . . . Intercept . | . . . Searches Triggered . | . . . Construction Impeded . | . . . Haulers Reinforced . | . . . Active Scanning Responses . | . . . Cargo Convoy Interrupts . | . . . Stealth | -11 -10 -10 --------- Run | Yrd Mat Sub Distress Signals . | . . . Communications Jammed . | . . . Distress Signals . | . . . Times Spotted 5 | . 2 3 Peak Tracking Total 2 | . 2 2 Tactical Retreats 1 | . 1 . Traps | -11 -10 -10 ------- Run | Yrd Mat Sub Traps Triggered . | . . . Indirectly . | . . . Trap Hack Attempts . | . . . Triggered . | . . . Disarmed . | . . . Reprogrammed . | . . . Reused . | . . . Traps Extracted . | . . . Installed . | . . . Triggered . | . . . Machines | -11 -10 -10 ---------- Run | Yrd Mat Sub Machines Disabled . | . . . Max in Single Turn . | . . . Machines Repaired . | . . . Machines Dismantled . | . . . Machines Sabotaged . | . . . Overloaded Fab Kills . | . . . Hacking | -11 -10 -10 --------- Run | Yrd Mat Sub Machines Accessed . | . . . Terminals . | . . . Fabricators . | . . . Repair Stations . | . . . Recycling Units . | . . . Scanalyzers . | . . . Garrison Access . | . . . Total Hacks . | . . . Successful . | . . . Failed . | . . . Catastrophic . | . . . Database Lockouts . | . . . Manual . | . . . Terminals . | . . . Fabricators . | . . . Repair Stations . | . . . Recycling Units . | . . . Scanalyzers . | . . . Garrison Access . | . . . Terminal Hacks . | . . . Fabricator Hacks . | . . . Repair Station Hacks . | . . . Recycling Unit Hacks . | . . . Scanalyzer . | . . . Garrison Access Hacks . | . . . Unauthorized Hacks . | . . . Terminals . | . . . Fabricators . | . . . Repair Stations . | . . . Recycling Units . | . . . Scanalyzers . | . . . Garrison Access . | . . . Data Cores Recovered . | . . . Used . | . . . Hacking Detections . | . . . Full Trace Events . | . . . Feedback Events . | . . . Feedback Blocked . | . . . Robot Schematics Acquired . | . . . Robots Built . | . . . Authchips . | . . . Time . | . . . Total Robot Build Rating . | . . . Part Schematics Acquired . | . . . Parts Built . | . . . Authchips . | . . . Time . | . . . Total Part Build Rating . | . . . Parts Repaired . | . . . Time . | . . . Parts Recycled . | . . . Recycled Matter . | . . . Retrieved Matter . | . . . Retrieved Components . | . . . Parts Scanalyzed . | . . . Part Schematics Acquired . | . . . Parts Damaged . | . . . Bothacking | -11 -10 -10 ------------ Run | Yrd Mat Sub Used RIF Installer . | . . . Robots Hacked . | . . . Non-combat . | . . . Combat . | . . . Robot Hacks Applied . | . . . Relay Couplers Released . | . . . Fabnet Peak Effective % . | . . . Robots Rewired . | . . . Allies Hacked . | . . . Hacks Repelled . | . . . Allies | -11 -10 -10 -------- Run | Yrd Mat Sub Total Allies . | . . . Largest Group . | . . . Highest-Rated Group . | . . . Highest-Rated Ally . | . . . Total Orders . | . . . Ally Attacks . | . . . Total Damage . | . . . Kills . | . . . Allies Corrupted . | . . . Allies Melted . | . . . Intel | -11 -10 -10 ------- Run | Yrd Mat Sub Active Infowar (turns) . | . . . Robot Analysis Total . | . . . Derelict Logs Recovered . | . . . Drone Launches . | . . . Drone Recoveries . | . . . Exploration | -11 -10 -10 ------------- Run | Yrd Mat Sub Turns Passed 831 | 85 52 694 Spaces Moved 527 | 71 27 429 Core 7 | 7 . . Treads 371 | 10 . 361 Legs . | . . . Wheels 149 | 54 27 68 Hover . | . . . Flight . | . . . Fastest Speed 50 | 50 100 100 Average Speed 141 | 103 100 150 Slowest Speed 160 | 160 100 160 Overloaded Moves . | . . . Propulsion Burnouts . | . . . Robots Hopped . | . . . Potential Cave-ins . | . . . Cave-ins Triggered . | . . . Exploration Rate (%) 10 | 4 5 22 Regions Visited 2 Branch Regions 1 Pre-discovered Areas . | . . . Known Exits Taken . | . . . Unknown Exits Taken 2 | 1 1 . Scrap Searched . | . . . Spaces Dug . | . . . Terrain Destroyed . | . . . Melee . | . . . Projectile . | . . . AOE . | . . . Terrain Rammed . | . . . Walls Destroyed . | . . . Machines Disabled . | . . . Actions | -11 -10 -10 --------- Run | Yrd Mat Sub Total 568 | 81 36 451 Wait . | . . . Move 525 | 70 26 429 Hop . | . . . Pick Up 7 | 6 . 1 Fast Attach 4 | 4 . . Attach 3 | . 2 1 Detach . | . . . Swap 1 | . . 1 Drop 1 | 1 . . Fire 27 | . 8 19 Melee . | . . . Ram . | . . . Kick . | . . . Crush . | . . . Escape Stasis . | . . . Rewire . | . . . Trap . | . . . Miscellaneous . | . . . Route ------- -11/Scrapyard -10/Materials -10/Subcaves (discovered 1 exit: [*Scr]) History --------- Turn | Location | Event 41 | -11/Scrapyard | Discovered new exit (range 16) 86 | -11/Scrapyard | Entered Materials 128 | -10/Materials | Discovered new exit (range 6) 138 | -10/Materials | Entered Subcaves 139 | -10/Subcaves | Approached by a straggling Scientist 312 | -10/Subcaves | Build established: Mutant 756 | -10/Subcaves | Scientist uncovered a shortcut to Scraptown 802 | -10/Subcaves | Core integrity fell below 50% 813 | -10/Subcaves | Core integrity fell below 20% 832 | -10/Subcaves | Destroyed by CU-X9N(R) with Subdweller Machine Gun Last Messages --------------- 00234_ Subatomizers dissect the Disposable Heat Sink. MP-4GE(c): "I think it's somewhere south of here" 00283_ E6-IP9(u) cries out in pain. 00283_ E6-IP9(u) destroyed. MP-4GE(c): "I think it's somewhere south of here" MP-4GE(c): "I think it's somewhere southwest of here" 00653_ UP-ID4(z): "She is not going to be happy we haven't found any suitable candidates yet." MP-4GE(c): "I think it's somewhere southwest of here" MP-4GE(c): "We're getting close, I can feel it." 00756_ MP-4GE(c): "Hah, right again, there it is!" 00796_ Med. Laser destroyed. 00799_ 8D-JGD(z) destroyed. 00804_ Ion Engine destroyed. Map ----- +----------------------------------------------------+ | ?????# ## ?? #?????# #? | | ??????? ???? ??????##### ######? | | ????????# #?????# #??????##### ##????? | | ???????## #?????## ######## #????? | | ## ##### #####?# # # #????? | | # ### ###????? | | ##??????? | | ### ## # # ####???????? | | ??????????# ## ## ###########??????????? | | ??????????## ### ### #????????????????????? | | ???????????###??# ## #????????????????????? | | ????????????????## ### #????????????????????? | | ?????????????????## #?### #????????????????????? | | ??????????????###### #???###????????????????????? | | ????????????### # #??????????????????????????? | | ????????????# #??????????????????????????? | | ????????????## ##?????????????????????????? | | ????????????# ## ##????????????????????????? | | ????????????## ### #####????????????????????? | | ????????????## #### ### ##???????????????????? | | ????????????# ## ### #####???????????????? | | ???????????### #### ## #???????????????? | | ???????????# ## #% #???????????????? | | ??????????#"""""" ## R #???????????????? | | ??????????#">""""""## ## R #####???????????????? | | ??????????## """""###### @## #???????????????????? | | ???????????###"## #???# ## #??????????????????? | | ?????????????" ??""???# ## ?????????????????? | | ????????????? ??""???# ## ????????????????? | | ?????????????? ???????## # # "??????????????? | | ??????????????????????? ### ####"#?????????????? | | ??????????????????????? #?# #????#?????????????? | | ?????????????????????? #??# ??????????????????? | | ??????????????????????##???# %??????????????????? | | ???????????????????????????? ??????????????????? | | ???????????????????????????? #?????????????????? | | ????????????????????????????# ?????????????????? | | ?????????????????????????????## ?????????????????? | | ??????????????????????????????? ?????????????????? | | ??????????????????????????????? ?????????????????? | | ?????????????????????????????????????????????????? | | ?????????????????????????????????????????????????? | | ?????????????????????????????????????????????????? | | ?????????????????????????????????????????????????? | | ?????????????????????????????????????????????????? | | ?????????????????????????????????????????????????? | | ?????????????????????????????????????????????????? | | ?????????????????????????????????????????????????? | | ?????????????????????????????????????????????????? | | ?????????????????????????????????????????????????? | +----------------------------------------------------+ Best States ------------- Heat Dissipation 25 Energy Generation 10 Energy Capacity 250 Matter Stores 300 Matter Capacity 300 Sight Range 16 Terrain Scan Density 10 Evasion (%) 40 Recoil Reduction 1 Item Schematics ----------------- None Robot Schematics ------------------ None Fabricated ------------ Nothing Repaired ---------- Nothing Alien Tech Used ----------------- None Achievements -------------- None Challenges ------------ None Game ------ Seed StealthThermoelectricSink Manual? 0 Play Time 00:06:12 Cumulative 64.7 hours Start 2025.06.07 @ 21:27:17 End 2025.06.07 @ 21:31:02 Sessions 1 Manual Loads 0 Difficulty Rogue Special Mode None Game No. 85 Rogue 85 Adventurer 0 Explorer 0 Win Type - Total 1 Types 1/0/0/0/0/0/0/0/0/0 Lore% 30 Gallery% 42 Achievement% 38 Wizard Run 0 Options --------- Layout 1 ASCII 0 Keyboard 0 Movement Arrows Keybinds 0 Fullscreen 1 Font 24/Smallcaps Map View 50x35 Zoom Use 0% Tactical HUD 1 Map Filters NONE Filters NONE Steam X RUN: 4fb7b3c4-0c89-40d0-9814-a16a3623e189